Description

My standard nydus roach timing by 5:30 you can send an attack with nydus. 1st base fully saturated minerals and 1 gas, 2nd base full completely saturating with 2 gas and minerals. 3rd base is macro hatch and or you can put 6 extra drones if wanted to make it easier to pump out more roaches.

Replay - 530_roach_Nydus

Build Order

Get SALT Encoding   

  12  0:01  Drone  
  13  0:12  Overlord  
  13  0:18  Drone  
  14  0:31  Drone x2  at 200 minerals send drone to natural
  16  0:50  Hatchery  
  16  0:53  Drone x3  
  18  1:13  Extractor  
  18  1:18  Spawning Pool  
  16  1:20  Drone x3  send 3x drones to vespene
  21  2:05  Queen x2  
  27  2:13  Overlord x2  at 2:30 send drone to 3rd
  28  2:32  Drone x4  
  32  2:40  Hatchery  
  32  2:55  Overlord  
  41  3:25  Roach Warren  
  44  3:36  Extractor x2  
  44  3:39  Lair  
  44  3:49  Overlord x2  
  47  4:08  Roach x5  
  59  4:20  Roach x4  
  73  4:36  Glial Reconstitution  
  75  4:43  Nydus Network  
  78  4:56  Overlord x4  
  96  5:31  Nydus Canal  Build more roaches at this point
Spawning Tool Build Advisor. Get it on Overwolf

Go to:

Details

  • Created by: carth3405
  • Published on: May 29, 2024
  • Modified on: May 29, 2024
  • Patch: 5.0.11
  • Difficulty: Medium
Show
View Real Time Build Order
Export as new Build Order

Comments (0)

There are no comments. Be the first!

Create an account to comment!